 Dungeon Crawl Stone Soup version 0.30-a0-169-g06f667207d (webtiles) character file.

Game seed: 12343131064271736852

2 qw the Shield-Bearer (level 1, -1/14 HPs)
             Began as a Gargoyle Fighter on Sept 29, 2022.
             Slain by a kobold
             ... wielding a +0 short sword
              (3 damage)
             ... on level 1 of the Dungeon.
             The game lasted 00:00:04 (113 turns).

qw the Shield-Bearer (Gargoyle Fighter)              Turns: 113, Time: 00:00:04

Health: -1/14      AC:  9    Str: 19    XL:     1   Next: 40%
Magic:  1/1        EV:  9    Int:  8    God:
Gold:   23         SH:  4    Dex:  9    Spells: 0/0 levels left

rFire   . . .      SeeInvis .    a - +0 war axe
rCold   . . .      Faith    .    c - +0 buckler
rNeg    + . .      Spirit   .    b - +0 scale mail
rPois   inf        Reflect  .    (no helmet)
rElec   +          Harm     .    (no cloak)
rCorr   .          Rampage  .    (no gloves)
Will    .....                    (no boots)
Stlth   ..........               (no amulet)
HPRegen 0.04/turn                (no ring)
MPRegen 0.07/turn                (no ring)

@: no status effects
A: sickness immunity, AC +2, negative energy resistance 1, electricity
resistance, torment resistance 1, petrification resistance
a: no special abilities


You were on level 1 of the Dungeon.
You visited 1 branch of the dungeon, and saw 1 of its levels.

You collected 23 gold pieces.


Innate Abilities, Weirdness & Mutations

You are immune to sickness and miasma.
Your stone body is resilient. (AC +2)
You are immune to poison.
You resist negative energy. (rN+)
You are resistant to electric shocks. (rElec)
You are resistant to unholy torment.
You are immune to petrification.


   Skills:
 - Level 3.2 Fighting
 + Level 2.0 Axes
 - Level 3.2 Armour
 - Level 3.2 Shields


You couldn't memorise any spells.
You didn't know any spells.
Your spell library was empty.

Inventory:

Hand Weapons
 a - a +0 war axe (weapon)
Armour
 b - a +0 scale mail (worn)
 c - a +0 buckler (worn)
Scrolls
 e - a scroll of enchant armour {unknown}
 f - a scroll of teleportation {unknown}
 g - a scroll of identify {unknown}
 h - a scroll of butterflies {unknown}
 j - a scroll of vulnerability {unknown}
Potions
 d - a potion of might
 i - a potion of berserk rage {unknown}

Dungeon Overview and Level Annotations

Branches:
Dungeon (1/15)

Altars:


Message History

A giant cockroach comes into view.
Found a scroll labelled MUFANO BEBO.
You barely miss the giant cockroach. You block the giant cockroach's attack.
You barely miss the giant cockroach.
The giant cockroach completely misses you.
The giant cockroach barely misses you.
You slash the giant cockroach!
You kill the giant cockroach!
Your Axes skill increases to level 2!
i - a glowing pink potion You see here a giant cockroach corpse.
Found a falchion.
j - a scroll labelled MUFANO BEBO A kobold comes into view.
It is wielding a +0 short sword.
The kobold shouts!
Found 9 gold pieces.
You closely miss the kobold.
The kobold hits you with a +0 short sword.
You closely miss the kobold. The kobold barely misses you.
The kobold hits you with a +0 short sword.
You barely miss the kobold. The kobold hits you but does no damage.
You barely miss the kobold.
The kobold hits you but does no damage. x2
You miss the kobold. The kobold hits you but does no damage.
You closely miss the kobold.
The kobold hits you with a +0 short sword.
The kobold barely misses you.
You hit the kobold but do no damage. The kobold closely misses you.
You hit the kobold but do no damage.
The kobold hits you with a +0 short sword.
You closely miss the kobold. The kobold hits you but does no damage.
The kobold barely misses you.
You barely miss the kobold.
The kobold hits you with a +0 short sword.
You die...

.....#....%..####...#
.....#..............#
.....#..............## .
........................
...........##...........
..>..............###.)..
.......#....#....# .....
...#####....####.#.$....
................@K......
................##......
#........#...... ......
.....#...#...#.. .....
..#...#..#..#... #....
...#..#..#..#..#. ....
....#..#.#.#..#.. ...
.#...#.#.#.#.#...
..##..#.#.#.#.. #


You could see a kobold.

Vanquished Creatures
  A ball python (D:1)
  A giant cockroach (D:1)
2 creatures vanquished.

Notes
Turn   | Place    | Note
-------+----------+-------------------------------------------
     0 | D:1      | qw the Gargoyle Fighter began the quest for the Orb.
     0 | D:1      | Reached XP level 1. HP: 14/14 MP: 1/1
     0 | D:1      | 0 ||| qw: Version: 0.2-a-12-gaebbb33
     0 | D:1      | 0 ||| qw: Game counter: 1270
     0 | D:1      | 0 ||| qw: Always use a shield: true
     0 | D:1      | 0 ||| qw: God list: Okawaru
     0 | D:1      | 0 ||| qw: Allow faded altars: false
     0 | D:1      | 0 ||| qw: Do Orc after D:15 true
     0 | D:1      | 0 ||| qw: Do second Lair branch before Depths: true
     0 | D:1      | 0 ||| qw: Lair rune preference: random
     0 | D:1      | 0 ||| qw: Plans: Normal, Zot:1-4, God:TSO, Crypt, Tomb,
                  | Pan, Slime:5, Hells, Abyss, Orb
     0 | D:1      | 0 ||| PLANNING D:1-11
   111 | D:1      | HP: 2/14 [kobold/+0 short sword (3)]
   113 | D:1      | Slain by a kobold

Levels and vault maps discovered:
D:1:      minmay_arrival_radiant_lines, layout_basic, hangedman_decor_growths,
          hangedman_abyss_or_decor_stabs, minmay_liquid_box, serial_park_tiny_1

Skill      XL: |  1 |
---------------+----+-----
Axes           | 2 |  2.0
Fighting       | |  3.2
Armour         | |  3.2
Shields        | |  3.2

Action                   || total
-------------------------++-------
Melee: War axe           ||    15
Armor: Scale mail        ||     6
Dodge: Dodged            ||     7
Block: Buckler           ||     1

Table legend:
 A = Non-vault XP
 B = Vault XP
 C = Vault XP percentage of total XP
 D = Non-vault monster count
 E = Vault monster count
 F = Vault count percentage of total count
                 A         B        C        D         E       F
            +---------+---------+-------+---------+---------+-------
      Total |       4 |       0 |   0.0 |       2 |       0 |   0.0
            +---------+---------+-------+---------+---------+-------
        D:1 |       4 |       0 |   0.0 |       2 |       0 |   0.0
            +---------+---------+-------+---------+---------+-------
